 Dungeon Crawl Stone Soup version 0.26-a0-597-gb535b0901c (webtiles) character file.

Game seed: 1298149806227606023

392 Lanoc the Grave Robber (level 6, -7/48 HPs)
             Began as a Palentonga Necromancer on Sept 8, 2020.
             Mangled by an ogre
             ... wielding a +0 giant spiked club
              (32 damage)
             ... on level 4 of the Dungeon.
             The game lasted 00:08:52 (5409 turns).

Lanoc the Grave Robber (Palentonga Necromancer)     Turns: 5409, Time: 00:08:52

Health: -7/48      AC:  5    Str: 11    XL:     6   Next: 50%
Magic:  4/9        EV: 11    Int: 18    God:
Gold:   148        SH:  0    Dex: 10    Spells: 0/9 levels left

rFire    . . .     SeeInvis +   (no weapon)
rCold    . . .     Faith    .   (no shield)
rNeg     . . .     Spirit   .   b - +1 robe {MR+}
rPois    .         Reflect  .   (no helmet)
rElec    .         Harm     .   (no cloak)
rCorr    .                      (no gloves)
MR       +....                  (no barding)
Stlth    +.........             (no amulet)
HPRegen  0.16/turn              (no ring)
MPRegen  0.11/turn              (no ring)

@: no status effects
A: large, rugged brown scales 3, see invisible, deformed body, roll, armoured
tail
a: Rolling Charge


You were on level 4 of the Dungeon.
You visited 1 branch of the dungeon, and saw 4 of its levels.

You collected 148 gold pieces.

Inventory:

Armour
 b - a +1 robe of magic resistance (worn)
Scrolls
 a - 2 scrolls of identify {unknown}
 c - 2 scrolls of remove curse {unknown}
 d - a scroll of magic mapping {unknown}
 e - a scroll of fear {unknown}
 i - a scroll of random uselessness {unknown}
 j - a scroll of enchant weapon {unknown}
Potions
 f - a potion of haste {unknown}
 g - 2 potions of resistance {unknown}
 h - a potion of magic {unknown}


   Skills:
 + Level 3.5 Dodging
 - Level 1.2 Stealth
 - Level 2.0 Spellcasting
 * Level 6.8 Necromancy


You couldn't memorise any spells.
You knew the following spells:

 Your Spells              Type           Power        Failure   Level
a - Pain                  Necr           ####         1%          1
b - Animate Skeleton      Necr           ####..       1%          1
c - Vampiric Draining     Necr           ####......   3%          3
d - Animate Dead          Necr           ####......   11%         4

Your spell library contained the following spells:

 Spells                   Type           Power        Failure   Level
 Agony                    Necr           ####....     30%         5


Dungeon Overview and Level Annotations

Branches:
Dungeon (4/15)
 Temple: D:4-7

Altars:
Cheibriados
Elyvilon
Vehumet


Innate Abilities, Weirdness & Mutations

You are completely covered in rugged brown scales. (AC +3, +7% HP)
You have supernaturally acute eyesight. (SInv)
Armour fits poorly on your strangely shaped body.
You can roll at foes to attack.
You have a long armoured tail.


Message History

Press: ? - help, Shift-Dir - straight line, f - ogre
Aim: an ogre, wielding a +0 giant spiked club (chance to defeat MR: 84%)
The ogre barely resists.
Casting: Pain (safe; 1% risk of failure)
Confirm with . or Enter, or press ? or * to list all spells.
Aiming: Pain (safe; 1% risk of failure)
Press: ? - help, Shift-Dir - straight line, f/p - ogre
Aim: an ogre, wielding a +0 giant spiked club (chance to defeat MR: 84%)
The ogre writhes in agony.
The ogre hits you with a +0 giant spiked club!!
Casting: Pain (safe; 1% risk of failure)
Confirm with . or Enter, or press ? or * to list all spells.
Aiming: Vampiric Draining (dangerous; 3% risk of failure)
Press: ? - help, Shift-Dir - straight line, f/p - ogre
Aim: an ogre, wielding a +0 giant spiked club (lightly wounded)
The ogre is moderately wounded.
You feel life coursing into your body. The quokka bites you.
The ogre hits you with a +0 giant spiked club!!
Ouch! That really hurt!
You die...

##.#.##
....[.# ##.
.# ##.#..#
.. #.#
##.#..#
#.###.#
...#....
#.....#
...#.....
#.....# ...#
##.# #.....#
##.#
...###..r..#
.#.# .
......O@..#
.#.# ..
..####.##.#
...# ...
###.##.#
.### ..
#.<....# ##
#.##.#.####
#......#
#######.###
#####
#.......#
....#
#.#######


You could see an ogre and a quokka.

Vanquished Creatures
  An orc priest (D:4)
  2 hounds (D:3)
  A jelly (D:3)
  A worker ant (D:4)
  4 orc wizards
  4 gnolls
  3 adders
  2 oozes (D:3)
  An adder skeleton (D:4)
  3 worms (D:3)
  A dart slug (D:2)
  13 orcs
  A ball python (D:1)
  2 giant cockroaches
  A goblin (D:1)
  5 hobgoblins
  4 bats
  4 frilled lizards
  5 kobolds
  3 rats
61 creatures vanquished.

Vanquished Creatures (collateral kills)
  A bat (D:1)
  A frilled lizard (D:1)
  A rat (D:3)
3 creatures vanquished.

Grand Total: 64 creatures vanquished

Notes
Turn   | Place    | Note
-------+----------+-------------------------------------------
     0 | D:1      | Lanoc the Palentonga Necromancer began the quest for the
                  | Orb.
     0 | D:1      | Reached XP level 1. HP: 14/14 MP: 3/3
    86 | D:1      | Learned a level 1 spell: Animate Skeleton
   548 | D:1      | Reached XP level 2. HP: 14/21 MP: 1/5
  1164 | D:2      | Reached XP level 3. HP: 6/27 MP: 0/6
  1618 | D:2      | Learned a level 3 spell: Vampiric Draining
  2099 | D:3      | Found a snail-covered altar of Cheibriados.
  2132 | D:3      | Reached skill level 5 in Necromancy
  2211 | D:3      | Found a faded altar of an unknown god.
  2422 | D:3      | Became a worshipper of Elyvilon the Healer
  2422 | D:3      | Reached * piety under Elyvilon
  2532 | D:3      | Was placed under penance by Elyvilon
  2562 | D:3      | Reached XP level 4. HP: 17/35 MP: 4/7
  2742 | D:3      | Fell from the grace of Elyvilon
  3538 | D:3      | Reached XP level 5. HP: 33/40 MP: 8/8
  4285 | D:3      | Reached skill level 6 in Necromancy
  4582 | D:3      | Reached XP level 6. HP: 32/48 MP: 1/9
  4981 | D:4      | Learned a level 4 spell: Animate Dead
  5349 | D:4      | Found a radiant altar of Vehumet.
  5409 | D:4      | Mangled by an ogre

Illustrated notes

Levels and vault maps discovered:
D:1:      dpeg_arrival_rooms_a, layout_loops_ring
D:2:      layout_loops_ring, fedhas_altar_fruit_tree, minmay_tromino_i2
D:3:      layout_basic, lemuel_doored_altar,
          chequers_ecumenical_altar_simple_redux
D:4:      layout_loops_cross, vehumet_crystals, st_stairs_12, uniq_menkaure

Skill      XL: |  1  2  3  4  5 |
---------------+----------------+-----
Dodging        | 2 3 |  3.5
Necromancy     | 5 6 |  6.8
Stealth        | |  1.2
Spellcasting   | |  2.0

Action                   |  1- 3 |  4- 6 || total
-------------------------+-------+-------++-------
Melee: Unarmed           |    81 |    64 ||   145
       Tailslap          |    12 |     9 ||    21
 Cast: Pain              |    61 |    58 ||   119
       Animate Skeleton  |     9 |     4 ||    13
       Vampiric Draining |       |    15 ||    15
 Abil: Rolling Charge    |     1 |       ||     1
Armor: Robe              |    55 |    30 ||    85
Dodge: Dodged            |    56 |    65 ||   121

Table legend: (Time is in decaauts)
 A = Elapsed time spent in this place.
 B = Non-inter-level travel time spent in this place.
 C = Inter-level travel time spent in this place.
 D = Time resting spent in this place.
 E = Time spent auto-exploring this place.
 F = Levels seen in this place.
 G = Mean time per level.
                   A        B        C        D        E       F      G
               +--------+--------+--------+--------+--------+-----+--------+
         Total |   5423 |   5412 |     11 |   2016 |   2680 |   4 | 1355.8 |
       Dungeon |   5423 |   5412 |     11 |   2016 |   2680 |   4 | 1355.8 |
               +--------+--------+--------+--------+--------+-----+--------+

Top non-repeatable levels by time:
     D:3: 3222 daAuts
     D:1: 974 daAuts
     D:2: 649 daAuts
     D:4: 577 daAuts
